SAAA
BLOOMINGTON LONGNECKS @ GRYFINDOR BRAVES
09/24/2030
 
TOP OF THE 1ST
Bloomington Longnecks batting - Pitching for Gryfindor Braves : RHP Damien Hayward
Pitching: RHP Damien Hayward
Batting: RHB Silvio Bonauiti 0-0: Foul Ball, location: 2F
0-1: Ball
1-1: Ball
2-1: Foul Ball, location: 2F
2-2: Ball
3-2: Ground out 6-3 (Groundball, 6D)
Batting: LHB Daniel Faraday 0-0: Foul Ball, location: 2F
0-1: Ground out 4-3 (Groundball, 4)
Batting: SHB Benedict Patel 0-0: Ball
1-0: Ball
2-0: Foul Ball, location: 2F
2-1: Foul Ball, location: 2F
2-2: SINGLE (Groundball, 4D)
Batting: RHB Gabrio Campoverde 0-0: Called Strike
Benedict Patel steals 2nd base
0-1: Foul Ball, location: 2F
0-2: Ball
1-2: Ball
2-2: Foul Ball, location: 2F
2-2: Strikes out swinging
Top of the 1st over - 0 runs, 1 hit, 0 errors, 1 left on base; Bloomington 0 - Gryfindor 0
BOTTOM OF THE 1ST
Gryfindor Braves batting - Pitching for Bloomington Longnecks : RHP Kent Clement
Pitching: RHP Kent Clement
Batting: RHB Damon Newbold 0-0: Ball
1-0: SINGLE (Flyball, 78M)
Batting: LHB Brent van Schoonhoven 0-0: Fly out, F2 (Popup, 2LF)
Batting: RHB Paul Penrice 0-0: Called Strike
0-1: Ball
Throwing error on steal attempt, E2
Damon Newbold to third
1-1: Called Strike
1-2: Foul Ball, location: 2F
1-2: Ball
2-2: Ball
3-2: Foul Ball, location: 2F
3-2: SINGLE (Groundball, 6MD)
Damon Newbold scores
Batting: LHB Ignacio Medine 0-0: Ball
1-0: Foul Ball, location: 2F
1-1: 2-RUN HOME RUN (Flyball, 9LD), Distance : 332 ft
Batting: SHB Jake Richardson 0-0: Foul Ball, location: 2F
0-1: Ball
1-1: Foul Ball, location: 2F
1-2: Ground out 4-3 (Groundball, 4)
Batting: RHB Roy Herring 0-0: Foul Ball, location: 2F
0-1: Foul Ball, location: 2F
0-2: Strikes out looking
Bottom of the 1st over - 3 runs, 3 hits, 1 error, 0 left on base; Bloomington 0 - Gryfindor 3
TOP OF THE 2ND
Bloomington Longnecks batting - Pitching for Gryfindor Braves : RHP Damien Hayward
Batting: LHB Calvin Wilms 0-0: Called Strike
0-1: SINGLE (Flyball, 8LS)
Batting: RHB Rob Gray 0-0: Ball
1-0: Fly out, F8 (Flyball, 8RS)
Batting: RHB Ty Struck 0-0: Fielders Choice at 2nd, 6-4 (Groundball, 6)
Batting: LHB Gabriel Díaz 0-0: Foul Ball, location: 2F
0-1: Ball
1-1: Called Strike
1-2: Foul Ball, location: 2F
1-2: SINGLE (Line Drive, 78S)
Ty Struck to second
Batting: RHB Masafumi Ito 0-0: Ball
1-0: Ball
2-0: Called Strike
2-1: Ball
3-1: Base on Balls
Ty Struck to third
Gabriel Díaz to second
Batting: RHB Silvio Bonauiti 0-0: Ball
1-0: Ball
2-0: Called Strike
2-1: Foul Ball, location: 2F
2-2: SINGLE (Flyball, 89S)
Ty Struck scores
Gabriel Díaz to third
Masafumi Ito to second
Runner from 3rd tries for Home, SAFE, throw made home
Batting: LHB Daniel Faraday 0-0: Called Strike
0-1: Ball
1-1: Ball
2-1: Called Strike
2-2: SINGLE (Groundball, 4MD)
Masafumi Ito to third
Silvio Bonauiti to second
Runner from 3rd tries for Home, SAFE, throw made at trailing runner, OUT at third!
Top of the 2nd over - 3 runs, 4 hits, 0 errors, 1 left on base; Bloomington 3 - Gryfindor 3
BOTTOM OF THE 2ND
Gryfindor Braves batting - Pitching for Bloomington Longnecks : RHP Kent Clement
Batting: RHB Javier López 0-0: Ball
1-0: Ball
2-0: Foul Ball, location: 2F
2-1: Called Strike
2-2: Foul Ball, location: 2F
2-2: Strikes out looking
Batting: RHB Raúl Reyna 0-0: SINGLE (Groundball, 34D)
Batting: LHB Micheal Garren 0-0: Ball
1-0: Foul Ball, location: 2F
1-1: Called Strike
1-2: Fly out, F4 (Popup, 34D)
Batting: RHB Damon Newbold 0-0: Called Strike
0-1: Ball
1-1: Ball
2-1: Ball
3-1: Foul Ball, location: 2F
3-2: SINGLE (Groundball, 6MD)
Raúl Reyna to second
Raúl Reyna to third
Batting: LHB Brent van Schoonhoven 0-0: Ball
1-0: Foul Ball, location: 2F
1-1: Ball
2-1: 3-RUN HOME RUN (Flyball, 9D), Distance : 393 ft
Batting: RHB Paul Penrice 0-0: Foul Ball, location: 2F
0-1: Ball
1-1: Foul Ball, location: 2F
1-2: Ball
2-2: Ball
3-2: Ground out 5-3 (Groundball, 5L)
Bottom of the 2nd over - 3 runs, 3 hits, 0 errors, 0 left on base; Bloomington 3 - Gryfindor 6
TOP OF THE 3RD
Bloomington Longnecks batting - Pitching for Gryfindor Braves : RHP Damien Hayward
Batting: SHB Benedict Patel 0-0: Ball
1-0: Ball
2-0: Called Strike
2-1: DOUBLE (Groundball, 3L)
Batting: RHB Gabrio Campoverde 0-0: Called Strike
0-1: Foul Ball, location: 2F
0-2: SINGLE (Groundball, 6MD)
Benedict Patel to third
Batting: LHB Calvin Wilms 0-0: Ball
1-0: Swinging Strike
1-1: SINGLE (Flyball, 9LS)
Benedict Patel scores
Gabrio Campoverde to second
Runner from 2nd tries for 3rd, SAFE, throw made to third
Batting: RHB Rob Gray 0-0: Foul Ball, location: 2F
0-1: Ball
1-1: Grounds into double play, 4-6-3 (Groundball, 4D)
Gabrio Campoverde scores
Batting: RHB Ty Struck 0-0: Ball
1-0: Ball
2-0: Ball
3-0: Base on Balls
Batting: LHB Gabriel Díaz 0-0: Ball
1-0: Called Strike
1-1: Ball
2-1: Foul Ball, location: 2F
2-2: Reached on error, E4 (Groundball, 34)
Ty Struck to third
Batting: RHB Masafumi Ito 0-0: Ground out 6-3 (Groundball, 6)
Top of the 3rd over - 2 runs, 3 hits, 1 error, 2 left on base; Bloomington 5 - Gryfindor 6
BOTTOM OF THE 3RD
Gryfindor Braves batting - Pitching for Bloomington Longnecks : RHP Kent Clement
Batting: LHB Ignacio Medine 0-0: Called Strike
0-1: Foul Ball, location: 2F
0-2: Ball
1-2: Strikes out looking
Batting: SHB Jake Richardson 0-0: Foul Ball, location: 2F
0-1: Foul Ball, location: 2F
0-2: Fly out, F7 (Flyball, 7S)
Batting: RHB Roy Herring 0-0: Ball
1-0: Ball
2-0: Foul Ball, location: 2F
2-1: Foul Ball, location: 2F
2-2: Strikes out swinging
Bottom of the 3rd over - 0 runs, 0 hits, 0 errors, 0 left on base; Bloomington 5 - Gryfindor 6
TOP OF THE 4TH
Bloomington Longnecks batting - Pitching for Gryfindor Braves : RHP Damien Hayward
Batting: RHB Silvio Bonauiti 0-0: Ball
1-0: Foul Ball, location: 2F
1-1: SINGLE (Groundball, 56D)
Batting: LHB Daniel Faraday 0-0: Foul Ball, location: 2F
0-1: Foul Ball, location: 2F
0-2: Foul Ball, location: 2F
0-2: Grounds into double play, 6-4-3 (Groundball, 6)
Batting: SHB Benedict Patel 0-0: Ground out 6-3 (Groundball, 6)
Top of the 4th over - 0 runs, 1 hit, 0 errors, 0 left on base; Bloomington 5 - Gryfindor 6
BOTTOM OF THE 4TH
Gryfindor Braves batting - Pitching for Bloomington Longnecks : RHP Kent Clement
Batting: RHB Javier López 0-0: Called Strike
0-1: TRIPLE (Flyball, 8LXD)
Batting: RHB Raúl Reyna 0-0: Called Strike
0-1: Foul Ball, location: 2F
0-2: Ball
1-2: Ball
2-2: Strikes out swinging
Batting: LHB Micheal Garren 0-0: Foul Ball, location: 2F
0-1: Foul Ball, location: 2F
0-2: Strikes out swinging
Batting: RHB Damon Newbold 0-0: Hit by Pitch
Batting: LHB Brent van Schoonhoven 0-0: Ball
1-0: Called Strike
1-1: DOUBLE (Line Drive, 78D)
Javier López scores
Damon Newbold to third
Runner from 3rd tries for Home, SAFE, no throw
Pitching: RHP Nick Taylor
Batting: RHB Paul Penrice 0-0: Called Strike
0-1: DOUBLE (Line Drive, 89XD)
Brent van Schoonhoven scores
Batting: LHB Ignacio Medine 0-0: Ground out 1-3 (Groundball, P)
Bottom of the 4th over - 3 runs, 3 hits, 0 errors, 1 left on base; Bloomington 5 - Gryfindor 9
TOP OF THE 5TH
Bloomington Longnecks batting - Pitching for Gryfindor Braves : RHP Damien Hayward
Batting: RHB Gabrio Campoverde 0-0: Ball
1-0: Called Strike
1-1: Ball
2-1: SINGLE (Popup, 56S)
Batting: LHB Calvin Wilms 0-0: Called Strike
0-1: DOUBLE (Line Drive, 7LS)
Gabrio Campoverde to third
Batting: RHB Rob Gray 0-0: Ball
1-0: Fly out, F7 (Flyball, 7S)
Batting: RHB Ty Struck 0-0: Called Strike
0-1: Foul Ball, location: 2F
0-2: Fly out, F8 (Flyball, 8RM)
Runner from 3rd tags up, SCORES, no throw
Batting: LHB Gabriel Díaz 0-0: Ball
1-0: Ground out 5-3 (Groundball, 56)
Top of the 5th over - 1 run, 2 hits, 0 errors, 1 left on base; Bloomington 6 - Gryfindor 9
BOTTOM OF THE 5TH
Gryfindor Braves batting - Pitching for Bloomington Longnecks : RHP Nick Taylor
Batting: SHB Jake Richardson 0-0: Called Strike
0-1: Foul Ball, location: 2F
0-2: SINGLE (Groundball, 4MD)
Batting: RHB Roy Herring 0-0: Ball
1-0: Fly out, F9 (Flyball, 89M)
Batting: RHB Javier López 0-0: Swinging Strike
0-1: Ball
1-1: Ball
2-1: Fly out, F8 (Flyball, 8RS)
Batting: RHB Raúl Reyna 0-0: Ball
1-0: Ball
2-0: Called Strike
2-1: Called Strike
2-2: Ball
3-2: Strikes out swinging
Bottom of the 5th over - 0 runs, 1 hit, 0 errors, 1 left on base; Bloomington 6 - Gryfindor 9
TOP OF THE 6TH
Bloomington Longnecks batting - Pitching for Gryfindor Braves : RHP Damien Hayward
Batting: RHB Masafumi Ito 0-0: Swinging Strike
0-1: Ball
1-1: Foul Ball, location: 2F
1-2: Ground out 6-3 (Groundball, 6)
Batting: RHB Silvio Bonauiti 0-0: Swinging Strike
0-1: Ball
1-1: Ball
2-1: SINGLE (Flyball, 7S)
Batting: LHB Daniel Faraday 0-0: Ball
1-0: Ball
Wild Pitch!
Silvio Bonauiti to second
2-0: Foul Ball, location: 2F
2-1: Foul Ball, location: 2F
2-2: Ground out 4-3 (Groundball, 4D)
Silvio Bonauiti to third
Batting: SHB Benedict Patel 0-0: Ball
1-0: Ball
2-0: Foul Ball, location: 2F
2-1: Fly out, F7 (Flyball, 7LMF)
Top of the 6th over - 0 runs, 1 hit, 0 errors, 1 left on base; Bloomington 6 - Gryfindor 9
BOTTOM OF THE 6TH
Gryfindor Braves batting - Pitching for Bloomington Longnecks : RHP Nick Taylor
Batting: LHB Micheal Garren 0-0: Fly out, F9 (Flyball, 9D)
Batting: RHB Damon Newbold 0-0: Ball
1-0: Ball
2-0: SINGLE (Groundball, 56D)
Batting: LHB Brent van Schoonhoven 0-0: Called Strike
0-1: Ball
1-1: Ball
2-1: Ball
3-1: Base on Balls
Damon Newbold to second
Batting: RHB Paul Penrice 0-0: Ball
1-0: Foul Ball, location: 2F
1-1: Foul Ball, location: 2F
1-2: SINGLE (Line Drive, 8LS)
Damon Newbold to third
Brent van Schoonhoven to second
Runner from 3rd tries for Home, throw and OUT!
Batting: LHB Ignacio Medine 0-0: Called Strike
0-1: Called Strike
0-2: Ball
1-2: Foul Ball, location: 2F
1-2: Foul Ball, location: 2F
1-2: Ball
2-2: Fly out, F8 (Flyball, 8RS)
Bottom of the 6th over - 0 runs, 2 hits, 0 errors, 2 left on base; Bloomington 6 - Gryfindor 9
TOP OF THE 7TH
Bloomington Longnecks batting - Pitching for Gryfindor Braves : RHP Damien Hayward
Batting: RHB Gabrio Campoverde 0-0: Ball
1-0: SINGLE (Line Drive, 56)
Batting: LHB Calvin Wilms 0-0: Ball
1-0: Ball
2-0: Called Strike
2-1: SINGLE (Flyball, 89S)
Gabrio Campoverde to second
Runner from 2nd tries for 3rd, SAFE, no throw
Pitching: RHP Rodrigo Torres
Batting: RHB Rob Gray 0-0: Ball
1-0: Foul Ball, location: 2F
1-1: Ball
2-1: Fly out, F9 (Flyball, 9S)
Batting: RHB Ty Struck 0-0: Ball
1-0: Ball
2-0: Called Strike
2-1: Ball
3-1: Base on Balls
Calvin Wilms to second
Batting: LHB Gabriel Díaz 0-0: Called Strike
0-1: Ball
1-1: Swinging Strike
1-2: Ball
2-2: SINGLE (Groundball, 34D)
Gabrio Campoverde scores
Calvin Wilms to third
Ty Struck to second
Runner from 3rd tries for Home, SAFE, no throw
Batting: RHB Masafumi Ito 0-0: Ball
1-0: Called Strike
1-1: Ball
2-1: Ball
3-1: Swinging Strike
3-2: Foul Ball, location: 2F
3-2: Base on Balls
Ty Struck to third
Gabriel Díaz to second
Batting: RHB Silvio Bonauiti 0-0: Ball
1-0: Swinging Strike
1-1: Grounds into fielders choice 6-2 (Groundball, 6)
Gabriel Díaz to third
Masafumi Ito to second
Batting: LHB Daniel Faraday 0-0: Ball
1-0: Ball
2-0: Called Strike
2-1: Foul Ball, location: 2F
2-2: SINGLE (Groundball, 6D)
Gabriel Díaz scores
Masafumi Ito to third
Silvio Bonauiti to second
Runner from 3rd tries for Home, SAFE, throw made home
Pitching: LHP Suezo Amano
Batting: SHB Benedict Patel 0-0: SINGLE (Line Drive, 89M)
Silvio Bonauiti to third
Daniel Faraday to second
Runner from 3rd tries for Home, SAFE, no throw
Batting: RHB Gabrio Campoverde 0-0: Called Strike
0-1: Foul Ball, location: 2F
0-2: Foul Ball, location: 2F
0-2: Ball
1-2: SINGLE (Line Drive, 56)
Daniel Faraday to third
Benedict Patel to second
Runner from 3rd tries for Home, SAFE, no throw
Batting: LHB Calvin Wilms 0-0: Ball
1-0: Ground out 4-3 (Groundball, 4)
Top of the 7th over - 6 runs, 6 hits, 0 errors, 2 left on base; Bloomington 12 - Gryfindor 9
BOTTOM OF THE 7TH
Gryfindor Braves batting - Pitching for Bloomington Longnecks : RHP Nick Taylor
Batting: SHB Jake Richardson 0-0: SINGLE (Line Drive, 34D)
Batting: RHB Roy Herring 0-0: Foul Ball, location: 2F
0-1: Called Strike
0-2: Ball
1-2: Fly out, F4 (Popup, 34)
Batting: RHB Javier López 0-0: Ball
1-0: Called Strike
1-1: Fly out, F1 (Line Drive, 13)
Batting: RHB Raúl Reyna 0-0: Called Strike
0-1: Foul Ball, location: 2F
0-2: Ball
1-2: Fielders Choice at 2nd, 5-4 (Groundball, 56)
Bottom of the 7th over - 0 runs, 1 hit, 0 errors, 1 left on base; Bloomington 12 - Gryfindor 9
TOP OF THE 8TH
Bloomington Longnecks batting - Pitching for Gryfindor Braves : LHP Suezo Amano
Batting: RHB Rob Gray 0-0: Ball
1-0: Foul Ball, location: 2F
1-1: Ball
2-1: Ball
3-1: Base on Balls
Batting: RHB Ty Struck 0-0: Called Strike
0-1: Fly out, F7 (Flyball, 7LSF)
Batting: LHB Gabriel Díaz 0-0: Called Strike
0-1: Ball
1-1: Fielders Choice at 2nd, 3-6 (Groundball, 3)
Batting: RHB Masafumi Ito 0-0: Called Strike
Throwing error on steal attempt, E2
Gabriel Díaz to third
0-1: Ball
1-1: Ground out 6-3 (Groundball, 6)
Top of the 8th over - 0 runs, 0 hits, 1 error, 1 left on base; Bloomington 12 - Gryfindor 9
BOTTOM OF THE 8TH
Gryfindor Braves batting - Pitching for Bloomington Longnecks : RHP Nick Taylor
Batting: LHB Micheal Garren 0-0: Ball
1-0: Foul Ball, location: 2F
1-1: Ball
2-1: Ground out 6-3 (Groundball, 6D)
Batting: RHB Damon Newbold 0-0: Ball
1-0: Ball
2-0: Fly out, F7 (Flyball, 78M)
Batting: LHB Brent van Schoonhoven 0-0: Fly out, F7 (Line Drive, 78M)
Bottom of the 8th over - 0 runs, 0 hits, 0 errors, 0 left on base; Bloomington 12 - Gryfindor 9
TOP OF THE 9TH
Bloomington Longnecks batting - Pitching for Gryfindor Braves : LHP Suezo Amano
Batting: RHB Silvio Bonauiti 0-0: Called Strike
0-1: Ball
1-1: Swinging Strike
1-2: Ball
2-2: Foul Ball, location: 2F
2-2: Fly out, F8 (Flyball, 8LXD)
Batting: LHB Daniel Faraday 0-0: Ball
1-0: Called Strike
1-1: Ball
2-1: Ball
3-1: SINGLE (Line Drive, 56D)
Batting: SHB Benedict Patel 0-0: Fly out, F7 (Flyball, 7)
Batting: RHB Gabrio Campoverde 0-0: Called Strike
0-1: Swinging Strike
0-2: Ball
1-2: Strikes out swinging
Top of the 9th over - 0 runs, 1 hit, 0 errors, 1 left on base; Bloomington 12 - Gryfindor 9
BOTTOM OF THE 9TH
Gryfindor Braves batting - Pitching for Bloomington Longnecks : RHP Nick Taylor
Pitching: RHP Fernando Ramírez
Batting: RHB Paul Penrice 0-0: Called Strike
0-1: Called Strike
0-2: Ball
1-2: Foul Ball, location: 2F
1-2: Strikes out swinging
Batting: LHB Ignacio Medine 0-0: Ball
1-0: Foul Ball, location: 2F
1-1: Ball
2-1: Ball
3-1: Base on Balls
Batting: SHB Jake Richardson 0-0: Called Strike
0-1: Ball
1-1: Ball
2-1: Foul Ball, location: 2F
2-2: Foul Ball, location: 2F
2-2: Foul Ball, location: 2F
2-2: Strikes out swinging
Batting: RHB Roy Herring 0-0: Called Strike
0-1: Ball
1-1: SINGLE (Groundball, 6MD)
Ignacio Medine to second
Pinch Hitting: LHB Kelly Brown 0-0: Called Strike
0-1: Ball
1-1: Foul Ball, location: 2F
1-2: Ground out 3-1 (Groundball, 34S)
Bottom of the 9th over - 0 runs, 1 hit, 0 errors, 2 left on base; Bloomington 12 - Gryfindor 9
Sunday, March 18th, 2018 - OOTP Baseball 18.8 Build 76